Map: Oceanborn LE

Players

Fjant - Winner!

  • Race: Zerg Zerg
  • League: Master
  • Spawn Location: 11:00

Nitix

  • Race: Zerg Zerg
  • Spawn Location: 5:00

Event: Bellum Gens Elite Stara Zagora 2024

VOD

Have the link to the VOD?

Description

Time

  • Played on: Sept. 6, 2024, 1:48 p.m.
  • Length: 13:58

All games in this series

Show
View Real Time Build Order
Export as new Build Order

Fjant Zerg - Winner!

Build Orders: Hatch First 

Get SALT Encoding   

  12  0:00  Drone  
  13  0:12  Overlord  
  13  0:20  Drone  
  14  0:31  Drone x2  
  16  0:51  Hatchery  
  16  0:54  Drone  
  16  0:56  Drone  
  17  0:58  Drone  
  18  1:10  Extractor  
  17  1:13  Spawning Pool  
  17  1:17  Drone  
  17  1:20  Drone  
  18  1:29  Drone  
  19  1:38  Drone  
  20  1:51  Drone  
  21  2:03  Queen x2  
  21  2:04  Zergling x2, Overlord  
  26  2:11  Drone  
  26  2:13  Metabolic Boost  
  26  2:15  Drone  
  28  2:25  Drone  
  28  2:26  Zergling x2  
  30  2:36  Hatchery, Drone  
  30  2:39  Drone  
  31  2:48  Drone x2  
  31  2:51  Baneling Nest  
  32  2:54  Drone  
  32  2:58  Drone  
  34  3:06  Overlord  
  34  3:13  Overlord  
  34  3:17  Drone x2  
  36  3:24  Overlord  
  36  3:25  Zergling x2  
  36  3:26  Zergling x8  
  41  3:34  Baneling x2  
  41  3:35  Baneling x2  
  41  3:37  Zergling x4  
  41  3:41  Queen  
  43  3:43  Zergling x6  
  48  3:54  Zergling x10  
  50  4:08  Roach Warren, Drone x2  
  50  4:09  Drone x2  
  54  4:10  Drone  
  54  4:11  Drone  
  54  4:14  Extractor  
  54  4:25  Overlord  
  54  4:27  Drone x2  
  52  4:49  Roach x11  
  73  4:58  Spine Crawler  
  69  5:10  Hatchery  
  67  5:14  Lair  
  66  5:24  Roach  
  66  5:28  Zergling x4  
  67  5:29  Overlord x2  
  67  5:37  Evolution Chamber  
  67  5:38  Baneling  
  66  5:44  Overlord  
  66  5:47  Drone, Zergling x2  
  66  5:48  Drone x3  
  66  5:49  Drone  
  72  5:56  Zergling x2  
  72  5:57  Zergling x4  
  75  6:06  Roach x4  
  81  6:12  Drone  
  81  6:13  Zerg Missile Weapons Level 1  
  81  6:14  Glial Reconstitution  
  81  6:16  Drone  
  83  6:20  Drone x3  
  83  6:21  Drone  
  87  6:26  Drone  
  87  6:28  Extractor  
  87  6:30  Drone x3  
  90  6:35  Roach  
  90  6:36  Roach x2  
  95  6:47  Zergling x6  
  95  6:53  Overlord  
  98  6:57  Baneling  
  98  6:58  Baneling x5  
  96  7:02  Drone x2  
  96  7:03  Overlord  
  98  7:09  Zergling x4  
  98  7:12  Drone x4  
  98  7:13  Drone  
  100  7:28  Roach x10  
  114  7:30  Overlord  
  114  7:33  Overlord  
  112  7:37  Overlord  
  112  7:39  Roach  
  112  7:40  Overlord  
  112  7:43  Overlord  
  109  7:48  Roach  
  109  7:49  Roach  
  109  7:54  Roach x4  
  113  8:00  Roach  
  113  8:04  Extractor  
  113  8:05  Extractor, Roach x2  
  107  8:12  Roach x3  
  115  8:13  Roach  
  115  8:14  Roach x2  
  119  8:21  Roach  
  119  8:22  Roach  
  119  8:24  Roach x2  
  127  8:32  Roach x2  
  125  8:34  Drone  
  125  8:35  Drone x4  
  125  8:41  Roach  
  130  8:42  Drone x2  
  130  8:45  Overseer, Extractor  
  130  8:47  Drone x2  
  130  8:48  Drone  
  134  8:56  Roach x5  
  134  8:59  Roach x3  
  150  9:11  Roach x2  
  154  9:17  Overlord  
  154  9:20  Overlord  
  154  9:22  Overlord x2  
  148  9:27  Roach x2  
  148  9:28  Overlord  
  148  9:30  Hatchery, Overseer  
  145  9:33  Spire  
  145  9:34  Zerg Missile Weapons Level 2  
  145  9:36  Roach x2  
  148  9:41  Roach x2  
  148  9:44  Ravager  
  155  9:45  Roach  
  155  9:52  Ravager  
  156  9:53  Roach x2  
  160  10:02  Roach x6  
  160  10:05  Drone x2  
  174  10:08  Drone x2  
  172  10:17  Overlord x2  
  172  10:18  Drone x3  
  169  10:47  Mutalisk x7  
  166  10:50  Roach x3  
  166  10:52  Roach  
  166  10:53  Roach  
  166  10:55  Extractor  
  166  10:56  Drone x2  
  166  10:57  Drone  
  161  10:58  Extractor  
  161  11:00  Drone x3  
  161  11:01  Mutalisk  
  161  11:05  Mutalisk  
  159  11:11  Zerg Flyer Armor Level 1  
  159  11:20  Mutalisk  
  159  11:24  Mutalisk  
  151  11:29  Roach x4  
  155  11:34  Mutalisk  
  149  11:44  Mutalisk x2  
  145  11:49  Drone  
  145  11:50  Drone x5  
  146  12:02  Mutalisk x2  
  146  12:04  Drone x2  
  146  12:05  Drone  
  152  12:15  Roach x9  
  169  12:20  Ravager  
  170  12:22  Ravager  
  170  12:27  Ravager  
  166  12:41  Overlord  
  166  12:43  Roach x6  
  176  12:50  Overlord  
  174  12:58  Roach x3  
  174  13:02  Roach x5  
  182  13:06  Mutalisk  
  182  13:08  Mutalisk  
  182  13:09  Mutalisk x2  
  190  13:19  Mutalisk  
  188  13:20  Mutalisk  
  188  13:26  Roach  
Show
View Real Time Build Order
Export as new Build Order

Nitix Zerg 

Build Orders: Hatch First 

Get SALT Encoding   

  12  0:00  Drone  
  13  0:11  Overlord  
  13  0:16  Drone  
  14  0:30  Drone x2  
  16  0:47  Hatchery  
  15  0:50  Drone  
  15  0:53  Drone  
  17  0:57  Drone  
  18  1:07  Extractor  
  17  1:13  Spawning Pool  
  17  1:15  Drone  
  18  1:18  Drone  
  18  1:27  Drone  
  19  1:37  Drone  
  20  1:49  Drone  
  21  1:59  Overlord  
  21  2:00  Queen x2  
  25  2:01  Zergling x2  
  25  2:08  Metabolic Boost  
  26  2:10  Drone  
  26  2:11  Drone  
  28  2:20  Drone  
  28  2:21  Drone  
  30  2:32  Zergling x4  
  32  2:41  Hatchery  
  32  2:43  Drone, Overlord  
  32  2:57  Drone x2  
  34  2:59  Queen  
  36  3:08  Zergling x4  
  36  3:11  Zergling x12  
  44  3:21  Overlord  
  44  3:22  Roach Warren  
  44  3:24  Zergling x2  
  44  3:31  Overlord  
  43  3:43  Drone x4  
  43  3:44  Drone x3  
  43  3:46  Overlord  
  46  4:06  Roach x4  
  45  4:12  Zergling x6, Extractor  
  47  4:17  Zergling x6, Roach  
  47  4:18  Zergling x4  
  47  4:23  Evolution Chamber  
  52  4:28  Zergling x2, Roach  
  52  4:29  Zergling x2  
  56  4:37  Drone  
  56  4:38  Drone x3  
  56  4:45  Drone x3  
  58  4:50  Drone  
  58  4:51  Drone x2  
  60  4:59  Ravager  
  53  5:11  Drone x9  
  61  5:15  Zerg Missile Weapons Level 1  
  57  5:28  Lair  
  57  5:30  Drone x7  
  57  5:34  Extractor x2  
  62  5:38  Zergling x2  
  62  5:39  Zergling x6  
  66  5:46  Spine Crawler  
  66  5:48  Roach x2  
  69  5:51  Spine Crawler  
  69  5:53  Roach x2  
  69  5:54  Overlord  
  72  6:13  Overlord x3  
  72  6:17  Drone x9  
  81  6:22  Overlord  
  81  6:28  Glial Reconstitution  
  81  6:30  Queen  
  81  6:32  Extractor x2  
  81  6:39  Overlord  
  81  6:41  Drone x3  
  81  6:44  Roach x6  
  96  6:47  Spine Crawler  
  96  6:49  Roach  
  96  6:52  Roach  
  99  6:56  Zergling x4, Roach  
  99  6:57  Zergling x2  
  103  7:02  Roach  
  103  7:04  Roach x2  
  108  7:14  Roach x4  
  112  7:15  Overlord x2  
  112  7:18  Extractor  
  98  7:30  Drone x4  
  98  7:31  Drone  
  103  7:43  Roach x6  
  98  8:05  Roach x9  
  116  8:08  Overseer  
  116  8:10  Drone x5, Extractor  
  120  8:21  Roach x3  
  120  8:37  Roach x7  
  124  8:46  Roach x6  
  136  8:58  Roach  
  136  8:59  Overlord x5  
  138  9:03  Spire  
  138  9:05  Zerg Missile Weapons Level 2  
  131  9:16  Roach x3  
  137  9:20  Roach  
  137  9:21  Roach x5  
  147  9:33  Roach x4  
  155  9:39  Ravager x2  
  155  9:44  Overlord x3  
  157  9:52  Hatchery  
  152  10:01  Roach x9  
  158  10:20  Mutalisk x4  
  160  10:23  Drone x3  
  160  10:24  Drone  
  164  10:31  Roach x2  
  168  10:40  Queen  
  168  10:44  Roach x8  
  170  10:54  Roach  
  170  10:55  Roach x3  
  164  11:01  Roach x3  
  170  11:07  Roach x4  
  178  11:25  Roach x7  
  170  11:33  Corruptor x3  
  174  11:43  Corruptor x3  
  160  11:54  Roach  
  160  11:55  Roach x4  
  164  12:01  Corruptor x2  
  168  12:12  Corruptor  
  166  12:17  Ravager x2  
  168  12:24  Roach x3  
  168  12:28  Hatchery  
  167  12:42  Corruptor x3  
  169  12:52  Roach  
  169  12:53  Roach x5  
  173  13:01  Spore Crawler  
  173  13:02  Spore Crawler, Corruptor  
  168  13:09  Corruptor x2  
  158  13:24  Corruptor  
Tags
 
Add a new tag
Caveats
  • Supply blocks, unpowered buildings, or Contaminate may cause inaccurate times.
  • Supply counts are checked every 10 seconds.